 Dungeon Crawl Stone Soup version 0.23-a0-85-g22930c1 (webtiles) character file.

1 Amnesiac the Magician (level 1, 0/13 HPs)
             Began as a Mummy Earth Elementalist on Aug 13, 2018.
             Slain by an adder (2 damage)
             ... on level 2 of the Dungeon.
             The game lasted 00:00:19 (194 turns).

Amnesiac the Magician (Mummy Earth Elementalist)     Turns: 194, Time: 00:00:20

Health: 0/13       AC:  2    Str: 11    XL:     1   Next: 16%
Magic:  0/4        EV: 12    Int: 14    God:
Gold:   0          SH:  0    Dex: 12    Spells: 4/5 levels left

rFire    x . .     SeeInvis .   (no weapon)
rCold    + . .     Gourm    .   (no shield)
rNeg     + + +     Faith    .   c - +0 robe
rPois    ∞         Spirit   .   (no helmet)
rElec    .         Reflect  .   (no cloak)
rCorr    .         Harm     .   (no gloves)
MR       .....                  (no boots)
Stlth    ++........             (no amulet)
HPRegen  0.04/turn              (no ring)
MPRegen  0.09/turn              (no ring)

@: no status effects
A: no food or potions, fire vulnerability, cold resistance 1, negative energy
resistance 3, torment resistance, unbreathing
a: no special abilities


You were on level 2 of the Dungeon.
You were not hungry.

You visited 1 branch of the dungeon, and saw 3 of its levels.

Inventory:

Missiles
 b - 24 stones (quivered)
Armour
 c - a +0 robe (worn)
Scrolls
 a - a scroll of enchant weapon {!r, unknown}


   Skills:
 - Level 1.5 Dodging
 - Level 1.5 Stealth
 - Level 2.6 Spellcasting
   Level 0.7 Transmutations
 + Level 2.5 Earth Magic


You had 4 spell levels left.
You knew the following spells:

 Your Spells              Type           Power        Failure   Level  Hunger
a - Sandblast             Erth           #.....       8%          1    N/A

Your spell library contained the following spells:

 Spells                   Type           Power        Failure   Level  Hunger
 Stone Arrow              Conj/Erth      #.....       36%         3    N/A
 Passwall                 Tmut/Erth      #.......     17%         2    N/A
 Lee's Rapid Deconstruct  Erth           #.........   91%         5    N/A
 Petrify                  Tmut/Erth      #.......     75%         4    N/A

Dungeon Overview and Level Annotations

Branches:
Dungeon (3/15)

Altars:

Annotations:
D:3 Sigmund


Innate Abilities, Weirdness & Mutations

You do not eat or drink.
Your flesh is vulnerable to fire.
You are immune to poison.
Your flesh is cold resistant. (rC+)
You are immune to negative energy. (rN+++)
You are immune to unholy pain and torment.
You can survive without breathing.


Message History

There is a stone staircase leading up here.
A jackal zombie is nearby!
Found an escape hatch in the ceiling.
An adder comes into view.
A bat comes into view.
The bat moves out of view.
A bat comes into view.
The bat moves out of view.
Found a runed shield.
There is a stone staircase leading down here.
You climb downwards.
There is a stone staircase leading up here.
You open the door.
There is an open door here.
A giant cockroach comes into view.
A giant cockroach is nearby!
You open the door.
Sigmund the Dreaded comes into view.
He is wielding a scythe of freezing.
Sigmund shouts!
Sigmund hits you from afar with a scythe of freezing.
Sigmund casts a spell.
Sigmund flickers and vanishes!
Deactivating autopickup; reactivate with Ctrl-A.
There is a stone staircase leading up here.
You climb upwards.
The adder bites you.
There is a stone staircase leading down here.
Casting: Sandblast (safe; 8% risk of failure)
Confirm with . or Enter, or press ? or * to list all spells.
Aiming: Sandblast (safe; 8% risk of failure)
Press: ? - help, Shift-Dir - straight line, f - adder
Aim: an adder The blast of sand misses the adder.
b - 27 stones The adder misses you.
The adder bites you.
* * * LOW HITPOINT WARNING * * *
Casting: Sandblast (safe; 8% risk of failure)
Confirm with . or Enter, or press ? or * to list all spells.
Aiming: Sandblast (safe; 8% risk of failure)
Press: ? - help, Shift-Dir - straight line, f/p - adder
Aim: an adder The blast of sand misses the adder.
b - 26 stones The bat closely misses you.
The bat misses you. The bat barely misses you. x2
The adder bites you.
* * * LOW HITPOINT WARNING * * *
Casting: Sandblast (safe; 8% risk of failure)
Confirm with . or Enter, or press ? or * to list all spells.
Aiming: Sandblast (safe; 8% risk of failure)
Press: ? - help, Shift-Dir - straight line, f/p - adder
Aim: an adder The blast of sand hits the adder.
The adder is moderately wounded.
b - 25 stones The bat hits you but does no damage.
The bat misses you. The adder barely misses you.
Casting: Sandblast (safe; 8% risk of failure)
Confirm with . or Enter, or press ? or * to list all spells.
Aiming: Sandblast (safe; 8% risk of failure)
Press: ? - help, Shift-Dir - straight line, f/p - adder
Aim: an adder (moderately wounded)
The blast of sand hits the adder.
The adder is severely wounded.
b - 24 stones The adder bites you.
You die...

## ......# #..
.......## #..
#........ #
#..##........#.##
#............#..#
#......<........Z
#..#S...##.#...
#...@b.......#
##..##b..##...#..#
#.........<.......
.....$.............
..#..#.#...###......
.[.......... ......
##.#..#...## ..... .
#b.#.... ..... #.
##.... ....


You could see an adder and 2 bats.

Vanquished Creatures
  A bat (D:1)
1 creature vanquished.

Notes
Turn   | Place    | Note
-------+----------+-------------------------------------------
     0 | D:1      | Amnesiac the Mummy Earth Elementalist began the quest for the Orb.
     0 | D:1      | Reached XP level 1. HP: 13/13 MP: 4/4
   176 | D:3      | Noticed Sigmund
   194 | D:2      | Slain by an adder

Vault maps used:
D:1:      lightli_arrival_boilingwater
D:3:      marbit_many_paths, uniq_sigmund, uniq_natasha

Action                   || total
-------------------------++-------
 Cast: Sandblast         ||     6
Armor: Robe              ||     1
Dodge: Dodged            ||    11

Table legend:
 A = Non-vault XP
 B = Vault XP
 C = Vault XP percentage of total XP
 D = Non-vault monster count
 E = Vault monster count
 F = Vault count percentage of total count
 G = Total turns spent on level
                 A         B        C        D         E       F
            +---------+---------+-------+---------+---------+-------
      Total |       2 |       0 |   0.0 |       1 |       0 |   0.0
            +---------+---------+-------+---------+---------+-------
        D:1 |       2 |       0 |   0.0 |       1 |       0 |   0.0
            +---------+---------+-------+---------+---------+-------
